 Dungeon Crawl Stone Soup version 0.20-a0-791-gf6451d4 (webtiles) character file.

23046 Amciq the Cleaver (level 13, -3/118 HPs)
             Began as a Hill Orc Fighter on Mar 1, 2017.
             Was a Priest of Ashenzari.
             Killed from afar by a gargoyle (15 damage)
             ... with a stone arrow
             ... on level 11 of the Dungeon.
             The game lasted 00:41:54 (12453 turns).

Amciq the Cleaver (Hill Orc Fighter)               Turns: 12453, Time: 00:41:55

Health: -3/118     AC: 14    Str: 23    XL:     13   Next: 4%
Magic:  19/19      EV:  6    Int: 12    God:    Ashenzari [***...]
Gold:   506        SH:  8    Dex: 15    Spells: 15/20 levels left

rFire    . . .     SeeInvis +   a - +5 war axe (curse)
rCold    + + +     Gourm    .   n - +1 scale mail of Salvation {*Slow rPois rC+++ Slay+2} (curse)
rNeg     . . .     Faith    .   c - +0 shield (curse)
rPois    +         Spirit   .   (helmet restricted)
rElec    .         Reflect  .   (no cloak)
rCorr    .         Harm     .   j - +2 pair of gloves (curse)
MR       .....                  m - +2 pair of boots (curse)
Stlth    ..........             (no amulet)
Regen    0.3/turn               F - +4 ring of dexterity
MPRegen  0.2/turn               w - ring of see invisible

@: exhausted, slowed, very heavily drained, very slow
A: beak, clever 2, shaggy fur 1, wild magic 1, evolution 1
a: Curse Item, Scrying, Renounce Religion


You were on level 11 of the Dungeon.
You worshipped Ashenzari.
Ashenzari was most pleased with you.
You were not hungry.

You visited 3 branches of the dungeon, and saw 14 of its levels.

You collected 884 gold pieces.
You spent 378 gold pieces at shops.

Inventory:

Hand Weapons
 a - a cursed +5 war axe (weapon)
 M - the +8 whip "Snakebite" {curare, rPois}
   (You found it on level 1 of the Lair of Beasts)

   It poisons the flesh of those it strikes.
   It protects you from poison.
Armour
 c - a cursed +0 shield (worn)
 j - a cursed +2 pair of gloves (worn)
 k - a cursed +2 helmet of intelligence
 m - a cursed +2 pair of boots (worn)
 n - the cursed +1 scale mail of Salvation (worn) {*Slow rPois rC+++ Slay+2}
   (You found it on level 4 of the Dungeon)

   It affects your accuracy and damage with ranged weapons and melee attacks
   (+2).
   It renders you almost immune to cold.
   It protects you from poison.
   It may slow you when you take damage.
   It has a curse placed upon it.
Jewellery
 g - an uncursed ring of protection from fire
 v - an uncursed ring of flight
 w - a ring of see invisible (left hand)
 F - a +4 ring of dexterity (right hand)
 R - an uncursed ring of poison resistance
Wands
 y - a wand of paralysis (17/24)
 B - a wand of lightning (8/15)
 H - a wand of scattershot (5/9)
 L - a wand of iceblast (6/15)
 O - a wand of polymorph (12/24)
Scrolls
 d - 3 scrolls of remove curse
 i - a scroll of identify
 o - 7 scrolls of recharging
 r - 2 scrolls of fog
 s - 6 scrolls of blinking
 t - a scroll of teleportation
 G - a scroll of magic mapping
 P - a scroll of fear
 Q - 2 scrolls of enchant armour
 T - a scroll of silence {unknown}
Potions
 e - a potion of resistance
 h - 4 potions of lignification
 p - a potion of invisibility
 q - 5 potions of curing
 x - a potion of magic
 A - a potion of agility
 I - 3 potions of flight
 K - 2 potions of brilliance
Books
 u - a book of Flames

   Spells                             Type                      Level
   a - Flame Tongue                   Conjuration/Fire             1
   b - Throw Flame                    Conjuration/Fire             2
   c - Conjure Flame                  Conjuration/Fire             3
   d - Inner Flame                    Hexes/Fire                   3
   e - Sticky Flame                   Conjuration/Fire             4
   f - Fireball                       Conjuration/Fire             5
 J - a book of Minor Magic

   Spells                             Type                      Level
   a - Magic Dart                     Conjuration                  1
   b - Blink                          Translocation                2
   c - Call Imp                       Summoning                    2
   d - Slow                           Hexes                        2
   e - Conjure Flame                  Conjuration/Fire             3
   f - Mephitic Cloud                 Conjuration/Poison/Air       3
 N - the Papyrus of Good Luck
   (You found it on level 9 of the Dungeon)

   Spells                             Type                      Level
   a - Shroud of Golubria             Charms/Translocation         2
   b - Swiftness                      Charms/Air                   2
 S - a book of Battle

   Spells                             Type                      Level
   a - Infusion                       Charms                       1
   b - Shroud of Golubria             Charms/Translocation         2
   c - Song of Slaying                Charms                       2
   d - Spectral Weapon                Hexes/Charms                 3
   e - Regeneration                   Charms/Necromancy            3
Comestibles
 b - 8 royal jellies
 f - 8 bread rations
 z - 9 chunks of flesh
 C - 11 fruits
 E - 4 meat rations


   Skills:
 + Level 12.1(0.0) Fighting
 + Level 12.8(0.0) Axes
 + Level 11.4(0.0) Armour
 + Level 11.4(0.0) Shields
 - Level 4.3(0.0) Spellcasting
 - Level 6.0(0.0) Fire Magic


You had 15 spell levels left.
You knew the following spells:

 Your Spells              Type           Power        Failure   Level  Hunger
a - Fireball              Conj/Fire      #.........   100%        5    ######.


Dungeon Overview and Level Annotations

Branches:
Dungeon (11/15)            Temple (1/1) D:5            Lair (2/6) D:8
 Shoals (0/4) Lair:2
  Snake: Lair:2-4    Spider: Lair:2-4       Orc: D:9-12

Altars:
Ashenzari
Cheibriados
Dithmenos
Elyvilon
Fedhas
Gozag
Hepliaklqana
Kikubaaqudgha
Makhleb
Nemelex Xobeh
Okawaru
Qazlal
Ru
Sif Muna
Trog
Uskayaw
Vehumet
Wu Jian
Xom
Yredelemnul
Zin
The Shining One

Shops:
D:7 *

Annotations:
Lair:2 Sonja


Innate Abilities, Weirdness & Mutations

You have a beak for a mouth.
Your mind is very acute. (Int +4)
You are covered in fur. (AC +1)
Your spells are a little harder to cast, but a little more powerful.
You evolve.


Message History

The yak gores you.
* * * LOW HITPOINT WARNING * * *
A warg comes into view.
The warg howls!
You slash the yak!
You kill the yak!
The warg moves out of view.
You feel a strong urge to attack something.
A gargoyle comes into view. It is wielding a flail.
There is an open door, spattered with blood here.
You see here a yak corpse.
You are no longer berserk.
You are exhausted.
You feel yourself slow down.
You closely miss the warg. The warg bites you but does no damage.
The warg bites you.
* * * LOW HITPOINT WARNING * * *
The gargoyle hurls a stone arrow at you.
The stone arrow hits you!
You die...

* , , * , ,...!..... ,,
#...(......... , *
#............ *###
#...##..9..# , #..
#...##.....##########..
#....#.(....#......#...
#....#.h....#......##..
#....#@.....#......##(.
#....†......#..........
#...#########......##..
#...##.....##########..
#......................
#..................####
#...<..............##..
#..................#...
#..........)...)...#...


You could see a warg and a gargoyle.

Vanquished Creatures
  Harold (D:11)
  4 two-headed ogres
  A flayed ghost (D:9)
  An unseen horror (D:10)
  Pikel (D:9)
  An ugly thing (D:11)
  2 centaur zombies
  5 black mambas
  2 spiny frogs (Lair:1)
  A rime drake (Lair:1)
  2 komodo dragons (Lair:2)
  2 hornets (D:9)
  3 hippogriffs
  Sigmund (D:6)
  4 wyverns
  A shadow (D:9)
  A fire bat (D:9)
  4 wraiths (D:9)
  30 yaks
  A basilisk (Lair:2)
  A hungry ghost (D:7)
  Menkaure (D:5)
  A soldier ant (D:10)
  9 water moccasins
  4 porcupines
  3 orc warriors
  3 ice beasts
  A sky beast (D:10)
  A slave (D:9)
  A black bear (D:5)
  4 phantoms
  8 ogres
  7 centaurs
  5 crocodiles
  3 big kobolds
  8 bullfrogs
  7 scorpions
  An electric eel (D:8)
  3 wights (D:8)
  4 howler monkeys
  A bullfrog zombie (D:7)
  4 crimson imps
  7 hounds
  2 quasits
  9 orc priests
  A gnoll shaman (D:10)
  A jelly (D:11)
  A centaur skeleton (D:8)
  4 iguanas
  13 orc wizards
  6 worker ants
  A hound zombie (D:5)
  A hound skeleton (D:9)
  A howler monkey zombie (D:9)
  A howler monkey skeleton (D:8)
  15 adders
  11 gnolls
  A shadow imp (D:9)
  2 adder zombies
  3 worms
  3 dart slugs
  6 leopard geckos
  42 orcs
  4 ball pythons
  18 bats
  3 giant cockroaches
  11 goblins
  11 hobgoblins
  11 jackals
  15 kobolds
  8 quokkas
  6 frilled lizards
  7 rats
  A fungus (Lair:2)
  2 plants (Lair:2)
376 creatures vanquished.

Vanquished Creatures (others)
  3 slaves (D:9)
  2 orcs (D:6)
  A fungus (Lair:2)
  A plant (D:8)
7 creatures vanquished.

Grand Total: 383 creatures vanquished

Notes
Turn   | Place    | Note
-------+----------+-------------------------------------------
     0 | D:1      | Amciq the Hill Orc Fighter began the quest for the Orb.
     0 | D:1      | Reached XP level 1. HP: 19/19 MP: 1/1
    41 | D:1      | Reached XP level 2. HP: 23/27 MP: 2/2
   326 | D:1      | Reached XP level 3. HP: 33/33 MP: 3/3
   557 | D:2      | Found a blossoming altar of Fedhas.
   864 | D:2      | Reached XP level 4. HP: 38/40 MP: 4/4
  1330 | D:3      | Noticed a dagger
  1330 | D:3      | Noticed a hand axe
  1336 | D:3      | Found a hide-covered altar of Uskayaw.
  1364 | D:3      | Reached XP level 5. HP: 23/47 MP: 5/5
  2310 | D:4      | Reached skill level 5 in Fighting
  2314 | D:4      | Reached XP level 6. HP: 56/56 MP: 6/6
  2346 | D:4      | Found a sacrificial altar of Ru.
  2489 | D:4      | Reached skill level 5 in Axes
  2771 | D:4      | Found an iron altar of Okawaru.
  2839 | D:4      | Got a steaming scale mail
  2850 | D:4      | Identified the +1 scale mail of Salvation {*Slow rPois rC+++ Slay+2} (You found it on level 4 of the Dungeon)
  3009 | D:4      | Reached skill level 5 in Armour
  3009 | D:4      | Reached XP level 7. HP: 58/62 MP: 7/7
  3012 | D:4      | Reached skill level 5 in Shields
  3128 | D:5      | Entered Level 5 of the Dungeon
  3293 | D:5      | Learned a level 5 spell: Fireball
  3352 | D:5      | Reached skill level 1 in Fire Magic
  3355 | D:5      | Reached XP level 8. HP: 64/71 MP: 8/8
  3535 | D:5      | Noticed Menkaure
  3541 | D:5      | Killed Menkaure
  3541 | D:5      | Reached skill level 1 in Spellcasting
  3717 | D:5      | Found a staircase to the Ecumenical Temple.
  3723 | Temple   | Entered the Ecumenical Temple
  3950 | Temple   | Became a worshipper of Ashenzari the Shackled
  4153 | D:6      | Noticed Sigmund
  4182 | D:6      | Killed Sigmund
  4274 | D:6      | Reached XP level 9. HP: 79/79 MP: 11/11
  4281 | D:6      | Found a glowing golden altar of the Shining One.
  4283 | D:6      | Noticed an angel
  4305 | D:6      | Found a basalt altar of Yredelemnul.
  4310 | D:6      | Noticed a profane servitor
  4379 | D:6      | Found a white marble altar of Elyvilon.
  4874 | D:7      | Found a bloodstained altar of Trog.
  5098 | D:7      | Found Hyuwet's Assorted Antiques.
  5112 | D:7      | Bought a potion of curing for 84 gold pieces
  5112 | D:7      | Bought a scroll of remove curse for 84 gold pieces
  5112 | D:7      | Bought a scroll of blinking for 210 gold pieces
  5317 | D:7      | Reached * piety under Ashenzari
  5788 | D:8      | Reached XP level 10. HP: 88/88 MP: 14/14
  5849 | D:8      | Noticed a two-headed ogre
  6312 | D:9      | Found an ornate altar of the Wu Jian Council.
  6318 | D:9      | You fall through a shaft for 2 floors!
  6347 | D:11     | Found a shimmering altar of Xom.
  6348 | D:11     | Found a shimmering altar of Xom.
  6350 | D:11     | Found a shimmering altar of Xom.
  6601 | D:11     | Noticed a purple ugly thing
  6608 | D:11     | Killed a purple ugly thing
  6608 | D:11     | Reached skill level 5 in Fire Magic
  6635 | D:10     | Entered Level 10 of the Dungeon
  6656 | D:10     | Noticed an unseen horror
  6666 | D:10     | Killed an unseen horror
  6751 | D:10     | Noticed a two-headed ogre
  6995 | D:9      | Reached ** piety under Ashenzari
  7106 | D:10     | Found a hide-covered altar of Uskayaw.
  7243 | D:9      | Found a glowing silver altar of Zin.
  7316 | D:9      | Noticed Pikel
  7326 | D:9      | Killed Pikel
  7449 | D:9      | Found a runed door.
  7472 | D:9      | Found a snail-covered altar of Cheibriados.
  7481 | D:9      | Found a deep blue altar of Sif Muna.
  7488 | D:9      | Found an ornate altar of the Wu Jian Council.
  7491 | D:9      | Found a stormy altar of Qazlal.
  7516 | D:9      | Found an opulent altar of Gozag.
  7541 | D:9      | Reached XP level 11. HP: 97/97 MP: 17/17
  7550 | D:9      | Found a basalt altar of Yredelemnul.
  7616 | D:9      | Noticed a flayed ghost
  7628 | D:9      | Killed a flayed ghost
  7628 | D:9      | Reached skill level 10 in Axes
  7632 | D:9      | Identified the Papyrus of Good Luck
  7755 | D:8      | Noticed a two-headed ogre
  7767 | D:8      | Killed a two-headed ogre
  7793 | D:8      | Killed a two-headed ogre
  7955 | D:8      | Reached skill level 10 in Fighting
  8225 | D:8      | Found a staircase to the Lair.
  8406 | D:8      | Found a hazy altar of Hepliaklqana.
  8508 | Lair:1   | Entered Level 1 of the Lair of Beasts
  8530 | Lair:1   | Reached skill level 10 in Armour
  8819 | Lair:1   | Reached skill level 10 in Shields
  8966 | Lair:1   | Reached XP level 12. HP: 92/107 MP: 18/18
  9034 | Lair:1   | Reached *** piety under Ashenzari
  9636 | Lair:2   | Found a staircase to the Shoals.
  9808 | Lair:2   | Noticed Sonja
 10161 | Lair:2   | Noticed a seven-headed hydra
 10633 | D:9      | Paralysed by a hornet for 1 turns
 10895 | D:10     | Killed a two-headed ogre
 11288 | D:10     | Gained mutation: Your flesh is heat resistant. (rF+) [potion of mutation]
 11288 | D:10     | Gained mutation: You are occasionally teleported next to monsters. [potion of mutation]
 11288 | D:10     | Gained mutation: Your spells are a little harder to cast, but a little more powerful. [potion of mutation]
 11289 | D:10     | Lost mutation: You are occasionally teleported next to monsters. [potion of mutation]
 11289 | D:10     | Lost mutation: Your spells are a little harder to cast, but a little more powerful. [potion of mutation]
 11289 | D:10     | Lost mutation: Your flesh is heat resistant. (rF+) [potion of mutation]
 11289 | D:10     | Gained mutation: You are somewhat resistant to further mutation. [potion of mutation]
 11289 | D:10     | Gained mutation: You have a somewhat thin skeletal structure. (Dex +2, Stealth) [potion of mutation]
 11290 | D:10     | Lost mutation: You have a somewhat thin skeletal structure. (Dex +2, Stealth) [potion of mutation]
 11290 | D:10     | Lost mutation: You are somewhat resistant to further mutation. [potion of mutation]
 11290 | D:10     | Gained mutation: You evolve. [potion of mutation]
 11290 | D:10     | Gained mutation: Your spells are a little harder to cast, but a little more powerful. [potion of mutation]
 11290 | D:10     | Gained mutation: You are covered in fur. (AC +1) [potion of mutation]
 11332 | D:10     | Noticed a two-headed ogre
 11339 | D:10     | Killed a two-headed ogre
 11806 | D:10     | Gained mutation: You do not regenerate when monsters are visible. [mutagenic meat]
 11807 | D:10     | Gained mutation: You have a beak for a mouth. [mutagenic meat]
 11809 | D:10     | Gained mutation: Your mind is acute. (Int +2) [mutagenic meat]
 11810 | D:10     | Lost mutation: You do not regenerate when monsters are visible. [mutagenic meat]
 11962 | D:11     | Noticed an ice dragon
 11966 | D:11     | an ice dragon changed into a tyrant leech
 12009 | D:11     | Noticed Harold
 12022 | D:11     | Killed Harold
 12325 | D:11     | Reached XP level 13. HP: 28/118 MP: 19/19
 12410 | D:11     | Gained mutation: Your mind is very acute. (Int +4) [evolution]
 12453 | D:11     | Killed from afar by a gargoyle

Vault maps used:
D:1:      mrwooster_arrival_arrow
D:2:      fedhas_altar_2
D:3:      corexii_shack_village, dancing_weapons_uskayaw
D:4:      kennysheep_okawaru_gauntlet, lemuel_round_altar
D:5:      minmay_temple_entry_fiery, first_bread, uniq_menkaure
D:6:      grunt_temple_overflow_holy_war, elyvilon_altar_5, uniq_sigmund
D:7:      kennysheep_mini_moat, serial_shops, shop_coins
D:8:      argonaut_augean_stables, lemuel_coloured_pillars_altar,
          david_lair_shrubbed, grunt_ogre_cave
D:9:      due_megacathedral, lemuel_crystal_altar, basic_altar, uniq_pikel
D:10:     basic_altar, serial_glass, glass_columns_b, glass_columns_b
D:11:     minmay_orc_entry_guard_dogs, xom_shifter_show, uniq_harold
Temple:   cyrus_circular_temple
Lair:1:   minmay_guarded_unrand_snakebite, grunt_megastairs_2
Lair:2:   minmay_shoals_entry_centaurs, uniq_sonja

Skill      XL: |  1  2  3  4  5  6  7  8  9 10 11 12 |
---------------+-------------------------------------+-----
Axes           | 3 4 5 6 7 8 9 11 12 | 12.8
Fighting       | 4 5 6 7 8 9 10 12 | 12.1
Armour         | 4 5 6 7 8 10 11 | 11.4
Shields        | 4 5 6 7 8 10 11 | 11.4
Fire Magic     | 1 2 4 5 6 |  6.0
Spellcasting   | 1 3 4 |  4.3

Action                   |  1- 3 |  4- 6 |  7- 9 | 10-12 | 13-15 || total
-------------------------+-------+-------+-------+-------+-------++-------
Melee: War axe           |   119 |   180 |   305 |   679 |    18 ||  1301
       Peck              |       |       |       |    14 |     5 ||    19
Invok: Curse Item        |       |       |     4 |     2 |       ||     6
       Scrying           |       |       |       |     2 |       ||     2
  Use: Scroll            |       |    16 |     3 |    11 |       ||    30
       Potion            |       |       |     1 |     8 |     1 ||    10
  Eat: Chunk             |       |     7 |    11 |    19 |       ||    37
       Meat ration       |       |       |       |     2 |       ||     2
Armor: Scale mail        |    21 |     8 |   150 |   426 |     7 ||   612
       Ring mail         |    39 |    65 |       |       |       ||   104
Dodge: Dodged            |    25 |    67 |    84 |   229 |     3 ||   408
Block: Shield            |    56 |    95 |   176 |   446 |     5 ||   778
